 Dungeon Crawl Stone Soup version 0.17-a0-2055-gb4e23be (webtiles) character file.

88 4thArraOfDagon the Ruffian (level 4, 0/39 HPs)
             Began as a Troll Earth Elementalist on Oct 11, 2015.
             Killed by divine providence
             ... invoked by an orc priest
              (16 damage)
             ... on level 4 of the Dungeon.
             The game lasted 00:03:42 (633 turns).

4thArraOfDagon the Ruffian (TrEE)                    Turns: 633, Time: 00:03:42

Health: 0/39       AC:  5    Str: 16    XL:     4   Next: 30%
Magic:  5/5        EV:  9    Int: 12    God:
Gold:   59         SH:  0    Dex: 10    Spells: 1 memorised, 5 levels left

rFire  . . .     SeeInvis .       - Unarmed
rCold  . . .     Clarity  .     b - +0 robe
rNeg   . . .     SustAt   .     (no shield)
rPois  .         Gourm    +     (helmet restricted)
rElec  .         Spirit   .     (no cloak)
rCorr  .         Warding  .     (gloves unavailable)
rMut   .         Stasis   .     (boots unavailable)
MR     .....                    (no amulet)
Stlth  +.........               (no ring)
                                (no ring)

@: not resistant to hostile enchantments, very unstealthy
A: unfitting armour, claws 3, fast metabolism 3, gourmand, regeneration 2,
shaggy fur 1, tough skin 2
a: no special abilities


You were on level 4 of the Dungeon.
You were full.

You visited 1 branch of the dungeon, and saw 5 of its levels.

You collected 59 gold pieces.

Inventory:

Missiles
 a - 20 stones (quivered)
Armour
 b - a +0 robe (worn)
Wands
 h - a wand of random effects (27)
 k - a wand of digging (11)
Scrolls
 e - a scroll of remove curse {unknown}
Potions
 i - a potion of might {unknown}
Books
 c - a book of Geomancy

   Spells                             Type                      Level
   a - Sandblast                      Earth                        1
   b - Stoneskin                      Transmutation/Earth          2
   c - Passwall                       Transmutation/Earth          3
   d - Stone Arrow                    Conjuration/Earth            3
   e - Petrify                        Transmutation/Earth          4
   f - Lee's Rapid Deconstruction     Earth                        5
 g - a book of Transfigurations

   Spells                             Type                      Level
   a - Stoneskin                      Transmutation/Earth          2
   b - Irradiate                      Conjuration/Transmutation    5
   c - Statue Form                    Transmutation/Earth          6
   d - Hydra Form                     Transmutation                6
   e - Dragon Form                    Transmutation                7
Comestibles
 d - 4 bread rations
 f - 2 meat rations
 j - a beef jerky


   Skills:
 - Level 1.5 Dodging
 - Level 1.1 Stealth
 * Level 3.5 Unarmed Combat
 * Level 1.7 Spellcasting
   Level 0.6 Transmutations
 - Level 2.6 Earth Magic


You had 5 spell levels left.
You knew the following spells:

 Your Spells              Type           Power        Failure   Level  Hunger
a - Sandblast             Erth           #.....       12%         1    ##.....


Dungeon Overview and Level Annotations

Branches:
Dungeon (5/15)             Temple (0/1) D:4

Altars:
Gozag
Xom

Annotations:
D:2 Ijyb


Innate Abilities, Weirdness & Mutations

You are too large for most types of armour.
You have claws for hands.
Your metabolism is lightning-fast.
You like to eat raw meat.
You heal very quickly.
You are covered in fur (AC +1).
You have very tough skin (AC +2).


Message History

The orc priest invokes the aid of Beogh against you.
Something smites you!
Unknown command.
The orc wizard gestures wildly while chanting.
The orc wizard blinks!
The orc priest miscasts a cantrip.
Unknown command.
The orc priest invokes the aid of Beogh against you.
Something smites you!
Unknown command.
Unknown command.
Unknown command.
Unknown command.
Unknown command.
Unknown command.
Unknown command.
Unknown command.
The orc priest invokes the aid of Beogh against you.
Something smites you!
You die... .⌠.# .........#.# So#

#..#.#.#..# #.#
#.......#.# # #.#
#.........##.# #.#
#.....)......##
#.#####.##...........
#..o....##..#.###.##
#.##..S..o..#.# #.#
#.##.#####@.#.# #.#
#......$......###.#
####.###.##.....#.#
#........#.#.#.#
#####.#...#...>#
##...##....#
##..##......
#.....<###..# ###
####......# ..#


You could see an orc priest, an orc and a ball python.

Vanquished Creatures
  An iguana (D:5)
  5 adders
  A giant gecko (D:4)
  An orc (D:4)
  A goblin (D:1)
  2 hobgoblins
  A quokka (D:5)
  A bat (D:1)
  A giant newt (D:2)
  A kobold (D:2)
  3 rats
18 creatures vanquished.

Notes
Turn   | Place    | Note
--------------------------------------------------------------
     0 | D:1      | 4thArraOfDagon the Troll Earth Elementalist began the quest for the Orb.
     0 | D:1      | Reached XP level 1. HP: 16/16 MP: 1/1
    58 | D:1      | Reached skill level 1 in Unarmed Combat
   148 | D:2      | Noticed Ijyb
   254 | D:2      | Reached XP level 2. HP: 16/24 MP: 2/2
   308 | D:2      | Reached XP level 3. HP: 10/31 MP: 3/3
   422 | D:5      | Entered Level 5 of the Dungeon
   438 | D:5      | Reached skill level 3 in Unarmed Combat
   504 | D:5      | Reached XP level 4. HP: 22/39 MP: 5/5
   515 | D:5      | Found an opulent altar of Gozag.
   517 | D:5      | Found a shimmering altar of Xom.
   533 | D:5      | WTf
   620 | D:4      | Found a staircase to the Ecumenical Temple.
   633 | D:4      | Killed from afar by an orc priest

Vault maps used:
D:1:      shiori_arrival_elements
D:2:      kennysheep_the_goblin_king, uniq_terence
D:3:      nemelex_deck, uniq_natasha
D:4:      minmay_temple_entry_junction, serial_glass, glass_columns_a,
          glass_columns_b, kennysheep_generic_room_13
D:5:      minitemple, first_bread, guppyfry_early_orc_mine

Action                   |  1- 3 |  4- 6 || total
-------------------------+-------+-------++-------
Melee: Unarmed           |    61 |    13 ||    74
  Use: Potion            |     3 |       ||     3
       Scroll            |     2 |       ||     2
  Eat: Chunk             |     7 |       ||     7
